cohdb
Replays
Latest Replays
All Replays
Popular Replays
Top Player Replays
Match Explorer
How It Works
Community
CoH3 Stats
Reddit
Sign in to upload your games and track your stats! →
Sign in with Steam
Match 45611379
Unlisted
Match 45611379
Overview
Messages
Build Orders
End
Selects Armored Battlegroup
Selects Assault Engineers
Assault Engineer Squad
Construct Weapon Support Center
Assault Engineer Squad
M1919 Machine Gun Team
Assault Engineer Squad
Infantry Support Center
M3 Armored Personnel Carrier
Construct Medical Station
M3 Armored Personnel Carrier
Bazooka Squad
Selects Strength in Steel
M3 Armored Personnel Carrier
Selects M8 Scott SPG
M8 Scott SPG
M1919 Machine Gun Team
M8 Scott SPG
M8 Scott SPG
Bazooka Squad
Improved M9 Bazooka Rockets
Bazooka Squad
Selects M4A3E8 Sherman Combat Group
M4A3E8 Sherman Combat Group
M4A3E8 Sherman Combat Group
Construct Medical Station
Grottenolm
Frontier
Alloyzy Klex®
SEPH
0
0
Comments
sign in to comment!
No comments posted yet!